 Dungeon Crawl Stone Soup: Circus Animals version 1.7-37-g2c94cca (webtiles) character file.

24 DarthKuruptios the Skirmisher (level 4, 0/62 HPs) *STANDARD*
             Began as a Demonspawn Berserker on Oct 17, 2016.
             Was an Initiate of Okawaru.
             Killed from afar by an orc wizard (7 damage)
             ... with a puff of frost
             ... on level 3 of the Dungeon on Oct 18, 2016.
             The game lasted 00:11:50 (2795 turns).

DarthKuruptios the Skirmisher (DsBe)                Turns: 2795, Time: 00:11:50

Health: 0/62       AC:  2    Str: 17    XL:     4   Next: 2%
Magic:  100/100    EV: 13    Int:  8    God:    Okawaru [......]
Gold:   185        SH:  0    Dex: 14    Spells: 0 memorised, 3 levels left

rFire  . . .     rPois    .     a - +0 falchion
rCold  . . .     rElec    .     b - +0 animal skin
rNeg   . . .     rCorr    .     (no shield) MagicSh . . . SeeInvis .
                                (no helmet) StaminaSh . . . Faith .
                                (no cloak) RegenHP ++........
SustAt .                        (no gloves) RegenSP +++....... Dismiss .
                                (no boots) RegenMP +++....... Reflect .
                                (no amulet)
MR     .....     Harm     .     (no ring)
Stlth  +.........               (no ring)

@: confused, drained, slow, not resistant to hostile enchantments, very
unstealthy
A: talons 2
a: Renounce Religion


You were on level 3 of the Dungeon.
You worshipped Okawaru.
Okawaru was noncommittal.
You were not hungry.

You visited 1 branch of the dungeon, and saw 3 of its levels.

You collected 185 gold pieces.

Inventory:

Hand Weapons
 a - a +0 falchion (weapon)
Armour
 b - a +0 animal skin (worn)
Scrolls
 f - a scroll of identify
 h - 2 scrolls of remove curse
Potions
 b - 2 potions of stamina
 c - 3 potions of magic
 d - a potion of cancellation
 e - a potion of flight
 g - a potion of cure mutation {unknown}
 i - a potion of lignification {unknown}
 j - 2 potions of ambrosia
 k - a potion of haste {unknown}


   Skills:
 * Level 4.1(3.7) Fighting
 + Level 4.1(3.6) Long Blades
 - Level 1.9(1.5) Armour
 - Level 2.0(1.6) Dodging


You had 3 spell levels left.
You didn't know any spells.

Dungeon Overview and Level Annotations

Branches:
Dungeon (3/7)

Altars:
Okawaru


Innate Abilities, Weirdness & Mutations

You have razor-sharp toenails.


Message History

You are confused.
You feel invigorated. The orc wizard closely misses you.
You bump into the rock wall.
The orc wizard completely misses you.
The orc wizard hits you with a dagger. (hp-3)
* * * LOW HITPOINT WARNING * * *
The orc wizard hits you but does no damage.
Trog sends monsters to punish you. 2 black bears come into view.
You hit the black bear. (mon hp-5)
You claw the black bear, but do no damage.
The orc wizard closely misses you.
You bump into the rock wall.
The orc wizard hits you but does no damage.
The black bear bites you! (hp-10)
* * * LOW HITPOINT WARNING * * *; The black bear completely misses you.
The black bear claws you. (hp-1)
* * * LOW HITPOINT WARNING * * *; The black bear rages.
The orc wizard hits you with a dagger. (hp-4)
* * * LOW HITPOINT WARNING * * *
You hit the orc wizard. (mon hp-1)
Your kick misses the orc wizard.
The orc wizard points at you and mumbles some strange words.
The puff of frost hits you! (hp-7)
You die...

......†.........########
#.# ...........#..#.#
#.# #......†...#..#.#
#.# #..........#..#.#
#.# #..........#.>#.#
#.# #..........#..#.# .#
...........#(.#h#
#..........# #h#
#..........# #@# #o# #o#
#o# #o# #...))# #.....#
#!....# #......


You could see 2 black bears, an orc wizard and 3 orcs.

Vanquished Creatures
  2 black bears (D:3)
  A hound (D:3)
  Natasha (D:3)
  2 dart slugs
  An ooze (D:3)
  4 orcs (D:3)
  3 worms
  2 adders
  5 giant cockroaches
  5 goblins
  4 hobgoblins
  3 jackals (D:2)
  9 kobolds
  2 quokkas (D:2)
  4 bats
  3 giant newts (D:1)
  9 rats
60 creatures vanquished.

Notes
Turn   | Place    | Note
-------+----------+-------------------------------------------
     0 | D:1      | DarthKuruptios the Demonspawn Berserker began the quest for the Orb.
     0 | D:1      | Reached XP level 1. HP: 32/32 MP: 100/100
   877 | D:1      | Gained mutation: You have sharp toenails. [demonic ancestry]
   877 | D:1      | Reached XP level 2. HP: 38/42 MP: 100/100
  1224 | D:2      | Found an iron altar of Okawaru.
  1233 | D:2      | Fell from the grace of Trog
  1233 | D:2      | Became a worshipper of Warmaster Okawaru
  1971 | D:2      | Reached XP level 3. HP: 49/52 MP: 100/100
  2424 | D:3      | Paralysed by Trog for 4 turns
  2498 | D:3      | Noticed Natasha
  2508 | D:3      | Killed Natasha
  2745 | D:3      | Gained mutation: You have razor-sharp toenails. [demonic ancestry]
  2745 | D:3      | Reached XP level 4. HP: 52/62 MP: 100/100
  2757 | D:3      | Noticed a black bear
  2757 | D:3      | Noticed a black bear
  2768 | D:3      | Killed a black bear
  2779 | D:3      | Killed a black bear
  2789 | D:3      | HP: 1/62 [orc wizard/magic dart (8)]
  2793 | D:3      | Noticed a black bear
  2793 | D:3      | Noticed a black bear
  2794 | D:3      | HP: 6/62 [black bear[the rage of Trog] (1)]
  2794 | D:3      | HP: 2/62 [orc wizard/dagger (4)]
  2795 | D:3      | Killed from afar by an orc wizard

Skill      XL: |  1  2  3 |
---------------+----------+-----
Dodging        | 2 |  2.0
Long Blades    | 4 |  4.1
Fighting       | 4 |  4.1
Armour         | |  1.9

Action                   |  1- 3 |  4- 6 || total
-------------------------+-------+-------++-------
Melee: Falchion          |   273 |    59 ||   332
       Kick              |    41 |    17 ||    58
  Use: Scroll            |     4 |       ||     4
       Potion            |     1 |     6 ||     7
 Stab: Sleeping          |     5 |       ||     5
Armor: Animal skin       |    27 |     7 ||    34
Dodge: Dodged            |   145 |    83 ||   228
